AoeStats
← gabisan

Black Forest

508470142Analyzed
3v3 RM · 11d ago on Sep 22, 2026· 59m 5s· 6 players
Game mode
Random Map
Map size
Normal (6 player)
Population
200
Speed
Normal
Resources
Standard
Victory
Conquest
Starting age
Dark Age
Ending age
Imperial Age
RankedLock teamsTeams togetherTeam positionsShared explorationLock speedFull tech treeHidden civsTurbo modeCheats
Victory
Defeat
🇯🇵 Danes · Japan
1116
+10
🇵🇱 Celts · Poland
1003
+14
🇯🇵 Saxons · Japan
886
+20
🇷🇴 Romans · Romania
971
-15
🇷🇴 Turks · Romania
970
-15
🇷🇴 Spanish · Romania
966
-14
email_to_mihai
0:29 Loom
13:44 Feudal Age
17:08 Fletching
19:55 Castle Age
18:24 Stone Mining
18:42 Double-Bit Axe
19:29 Gold Mining
19:23 Horse Collar
21:34 Bodkin Arrow
24:50 Bow Saw
26:15 Wheelbarrow
32:39 Imperial Age
30:50 Hand Cart
31:15 Light Cavalry
32:06 Bloodlines
31:57 Husbandry
34:00 Cavalier
35:43 Caravan
38:03 Chemistry
37:24 Ballistics
40:18 Bombard Tower
40:44 Conscription
40:35 Bracer
40:41 Scale Barding Armor
40:37 Scale Mail Armor
40:10 Hussar
42:23 Chain Barding Armor
42:14 Forging
43:50 Padded Archer Armor
45:09 Paladin
49:03 Iron Casting
54:57 Chain Mail Armor
56:20 Plate Barding Armor
56:17 Plate Mail Armor
56:47 Blast Furnace
highrisk
2:21 Loom
13:08 Feudal Age
14:09 Double-Bit Axe
14:12 Horse Collar
20:36 Castle Age
18:51 Gold Mining
19:32 Fletching
19:43 Padded Archer Armor
23:51 Bow Saw
25:20 Wheelbarrow
24:31 Town Watch
27:30 Caravan
27:51 Heavy Plow
31:50 Hand Cart
31:36 Town Patrol
31:06 Light Cavalry
31:56 Bloodlines
31:47 Husbandry
32:29 Ballistas
34:56 Imperial Age
33:12 Gold Shaft Mining
32:32 Stone Mining
35:41 Heavy Scorpion
42:51 Chemistry
gabisan
0:44 Loom
14:58 Feudal Age
20:22 Castle Age
19:15 Stone Mining
19:46 Double-Bit Axe
21:12 Fletching
24:05 Horse Collar
25:13 Bow Saw
34:41 Imperial Age
33:24 Gold Mining
36:33 Wheelbarrow
37:20 Ballistics
37:11 Masonry
39:03 Town Watch
45:44 Hand Cart
Czeki$
0:43 Loom
13:01 Feudal Age
17:57 Castle Age
16:04 Double-Bit Axe
17:18 Fishing Lines
17:33 Arson
19:31 Wheelbarrow
26:20 Sanctity
30:18 Imperial Age
28:09 Scale Mail Armor
29:13 Gillnets
29:20 Gold Mining
29:22 Stone Mining
29:28 Stronghold
29:53 Forging
31:13 Furor Celtica
32:41 Chemistry
32:02 Ballistics
31:37 Murder Holes
32:47 Conscription
32:26 Capped Ram
33:44 Chain Mail Armor
34:05 Iron Casting
34:46 Stone Shaft Mining
34:47 Gold Shaft Mining
34:16 Heavy Scorpion
35:14 Siege Ram
37:15 Hoardings
37:55 Elite Woad Raider
39:08 Plate Mail Armor
39:38 Blast Furnace
39:58 Scale Barding Armor
39:54 Padded Archer Armor
39:44 Fletching
40:45 Hand Cart
40:16 Town Watch
40:53 Hand Cart
40:24 Town Watch
40:46 Siege Engineers
40:51 Masonry
40:52 Fortified Wall
42:36 Caravan
43:07 Coinage
42:47 Guilds
45:26 Bow Saw
45:45 Leather Archer Armor
45:25 Bodkin Arrow
45:50 Chain Barding Armor
46:31 Banking
47:53 Onager
50:15 Siege Onager
CherniyVeter
10:37 Feudal Age
11:25 Double-Bit Axe
11:22 Horse Collar
11:33 Gold Mining
11:08 Man-at-Arms
11:38 Arson
17:42 Wheelbarrow
21:40 Castle Age
21:03 Stone Mining
22:08 Elite Skirmisher
22:57 Town Watch
23:29 Bow Saw
24:21 Gold Shaft Mining
24:53 Loom
25:49 Stone Shaft Mining
29:26 Imperial Age
27:02 Heavy Plow
27:59 Thumb Ring
29:04 Fletching
29:36 Long Swordsman
32:20 Squires
34:00 Forging
34:22 Padded Archer Armor
34:08 Two-Handed Swordsman
34:56 Gambesons
37:09 Pikeman
37:43 Elite Varangian Guard
42:48 Scale Mail Armor
44:33 Hand Cart
44:52 Bodkin Arrow
45:12 Leather Archer Armor
48:54 Chemistry
47:49 Cranequins
49:34 Ballistics
49:41 Conscription
48:53 Halberdier
50:03 Chain Mail Armor
49:50 Bracer
50:57 Ring Archer Armor
51:02 Iron Casting
50:35 Siege Engineers
52:58 Plate Mail Armor
55:45 Caravan
58:24 Elite Jomsviking
KabachokBeton
10:47 Feudal Age
11:19 Double-Bit Axe
11:18 Horse Collar
16:19 Forging
16:10 Scale Mail Armor
18:56 Castle Age
16:56 Gold Mining
17:46 Stone Mining
19:28 Arson
19:47 Squires
19:08 Pikeman
19:56 Man-at-Arms
20:21 Gambesons
21:18 Iron Casting
20:57 Bow Saw
20:39 Long Swordsman
23:56 Chain Mail Armor
28:02 Wheelbarrow
29:17 Heavy Plow
33:16 Imperial Age
32:24 Hand Cart
34:23 Siege Engineers
35:43 Plate Mail Armor
34:57 Elite Varangian Guard
39:16 Shield Wall
39:31 Sappers
39:24 Clerical Recruitment
46:58 Onager
Connection lost

Rejoining the realm…

Still unreachable

The connection could not be restored.

Session expired

The server has moved on; the page needs a fresh start.